 Dungeon Crawl Stone Soup version 0.30-a0-169-g06f667207d (webtiles) character file.

Game seed: 12976039278215130971

1577 qw the Chopper (level 8, -11/49 HPs)
             Began as a Gargoyle Fighter on Sept 30, 2022.
             Was a Follower of Okawaru.
             Mangled by Maggie
             ... wielding a +3 morningstar of protection
              (13 damage)
             ... on level 6 of the Dungeon.
             The game lasted 00:01:49 (5172 turns).

qw the Chopper (Gargoyle Fighter)                   Turns: 5172, Time: 00:01:50

Health: -11/49     AC: 25    Str: 22    XL:     8   Next: 91%
Magic:  9/10       EV:  7    Int:  9    God:    Okawaru [*.....]
Gold:   941        SH: 14    Dex:  9    Spells: 7/7 levels left

rFire   . . .      SeeInvis .    Y - +1 war axe (chaos)
rCold   . . .      Faith    .    k - +0 tower shield
rNeg    + + .      Spirit   .    n - +0 chain mail
rPois   inf        Reflect  .    b - +0 helmet
rElec   +          Harm     .    (no cloak)
rCorr   .          Rampage  .    h - +2 pair of gloves
Will    .....                    g - +2 pair of boots
Stlth   ..........               j - amulet of regeneration
HPRegen 0.96/turn                r - ring of positive energy
MPRegen 0.12/turn                (no ring)

@: about to teleport, heroic, mesmerised
A: sickness immunity, AC +5, negative energy resistance 1, electricity
resistance, torment resistance 1, petrification resistance
a: Renounce Religion, Heroism


You were on level 6 of the Dungeon.
You worshipped Okawaru.
Okawaru was aware of your devotion.
You visited 2 branches of the dungeon, and saw 7 of its levels.

You collected 941 gold pieces.


Innate Abilities, Weirdness & Mutations

You are immune to sickness and miasma.
Your stone body is resilient. (AC +5)
You are immune to poison.
You resist negative energy. (rN+)
You are resistant to electric shocks. (rElec)
You are resistant to unholy torment.
You are immune to petrification.


   Skills:
 - Level 5.0(10.0) Fighting
 - Level 7.8(12.8) Axes
 - Level 1.0(6.0) Throwing
 - Level 4.2(9.2) Armour
 - Level 1.5(6.5) Dodging
 + Level 4.9(9.9) Shields
 + Level 3.5 Invocations


You had 7 spell levels left.
You didn't know any spells.
Your spell library was empty.

Inventory:

Hand Weapons
 m - a +3 flail of protection
 Y - a +1 war axe of chaos (weapon)
Missiles
 i - 4 boomerangs (quivered)
Armour
 b - a +0 helmet (worn)
 g - a +2 pair of boots (worn)
 h - a +2 pair of gloves (worn)
 k - a +0 tower shield (worn)
 n - a +0 chain mail (worn)
Jewellery
 j - an amulet of regeneration (around neck)
 r - a ring of positive energy (left hand)
Scrolls
 a - a scroll of identify
Potions
 c - a potion of curing
 d - a potion of might
 e - a potion of mutation
 o - a potion of heal wounds {unknown}
 p - a potion of attraction {unknown}
 t - a potion of flight {unknown}

Dungeon Overview and Level Annotations

Branches:
Dungeon (6/15)             Temple (1/1) D:4

Altars:
Ashenzari
Dithmenos
Elyvilon
Fedhas
Gozag
Hepliaklqana
Kikubaaqudgha
Makhleb
Okawaru
Qazlal
Ru
Sif Muna
Trog
Vehumet
Wu Jian
Xom
Zin
The Shining One

Annotations:
D:6 Maggie


Message History

You hit something but do no damage. Lightning courses through something!
You block something's attack.
You hit something. You burn something.
Something hits you but does no damage. x2
You hit something but do no damage. You block something's attack.
You miss something. Something hits you but does no damage. Something hits you!
You closely miss something. Something hits you.
You hit something but do no damage.
Nothing appears to happen.
You hear some strange, mumbled words.
A bolt of fire appears from out of thin air!
The bolt of fire hits you! Something hits you but does no damage.
5163 ||| INVOKING Heroism.
You gain the combat prowess of a mighty hero.
Something hits you but does no damage.
You barely miss something. You block something's attack.
You miss something.
You hear some strange, mumbled words.
Something draws you further into its thrall.
You hit something but do no damage.
Space warps horribly around something.
Something hits you but does no damage.
You hit something but do no damage. Something hits you but does no damage.
You hit something.
Nothing appears to happen.
You hear some strange, mumbled words.
Something draws you further into its thrall.
You miss something. Something hits you!
You miss something. Something hits you! x2
You hit something but do no damage.
Nothing appears to happen.
Something hits you!
5172 ||| READING scroll of teleportation.
As you read the scroll of teleportation, it crumbles to dust.
You feel strangely unstable. Something hits you!
You die...

#..##..#..#
#.......##.~.~~~~~
.#....#...#
####.##....~.~_..~
..#..#....#
#.####..~.~~~.~
#..##..##.# #.#
##.~.....~
#.)##..##.#
#####.# #.~~~~~~~
..#..#....#
#...#.# #.).~....
.#.:..#...#
#.....# #)~.~.~~~
#..##..#..#
#...### #.~)~.._~
...##...#.# ##@##
#.~)~~~~~
.......).## #.{W.#
#.~......
.#.####).# ####.#
#.~~~~~~~
.......)## #
#.....)..
#######.#
#.#...... #.####
#.####### #....##
## ..## #
#.###.#####..#
.....# # #.#
#.......# #.##.# #


You could see a phantom.

Vanquished Creatures
  Pikel (D:4)
  Menkaure (D:6)
  An ice beast (D:6)
  2 ogres (D:6)
  A wolf (D:6)
  A centaur (D:6)
  3 scorpions (D:6)
  5 wights (D:6)
  2 hounds
  A jelly (D:5)
  2 iguanas
  An orc wizard (D:3)
  2 adders
  2 white imps
  A worm (D:2)
  2 dart slugs
  10 orcs
  4 ball pythons
  6 endoplasms
  4 giant cockroaches
  3 goblins
  10 hobgoblins
  4 jackals (D:3)
  2 frilled lizards
  7 kobolds
  7 rats
85 creatures vanquished.

Notes
Turn   | Place    | Note
-------+----------+-------------------------------------------
     0 | D:1      | qw the Gargoyle Fighter began the quest for the Orb.
     0 | D:1      | Reached XP level 1. HP: 14/14 MP: 1/1
     0 | D:1      | 0 ||| qw: Version: 0.2-a-12-gaebbb33
     0 | D:1      | 0 ||| qw: Game counter: 1398
     0 | D:1      | 0 ||| qw: Always use a shield: true
     0 | D:1      | 0 ||| qw: God list: Okawaru
     0 | D:1      | 0 ||| qw: Allow faded altars: false
     0 | D:1      | 0 ||| qw: Do Orc after D:15 true
     0 | D:1      | 0 ||| qw: Do second Lair branch before Depths: true
     0 | D:1      | 0 ||| qw: Lair rune preference: random
     0 | D:1      | 0 ||| qw: Plans: Normal, Zot:1-4, God:TSO, Crypt, Tomb,
                  | Pan, Slime:5, Hells, Abyss, Orb
     0 | D:1      | 0 ||| PLANNING D:1-11
    57 | D:1      | Reached skill level 2 in Axes
   442 | D:1      | Reached XP level 2. HP: 19/19 MP: 2/2
   697 | D:1      | Reached skill level 3 in Axes
   738 | D:1      | Reached XP level 3. HP: 23/23 MP: 3/3
  1071 | D:1      | 1071 ||| UPGRADING to +0 chain mail.
  1081 | D:1      | 1081 ||| DROPPING +0 scale mail.
  1082 | D:1      | 1082 ||| READING scroll labelled PEBELL RYELIRA.
  1083 | D:1      | 1083 ||| READING scroll labelled BYXZEXZIYNA.
  1084 | D:1      | 1084 ||| READING scroll labelled GEKECI ZATAO.
  1140 | D:2      | 1140 ||| FLEEEEING.
  1141 | D:2      | 1141 ||| FLEEEEING.
  1142 | D:2      | 1142 ||| FLEEEEING.
  1143 | D:2      | 1143 ||| FLEEEEING.
  1144 | D:2      | 1144 ||| FLEEEEING.
  1145 | D:2      | 1145 ||| FLEEEEING.
  1146 | D:2      | 1146 ||| FLEEEEING.
  1148 | D:2      | 1148 ||| FLEEEEING.
  1149 | D:2      | 1149 ||| STAIRDANCE
  1574 | D:2      | Reached skill level 1 in Throwing
  1617 | D:2      | 1617 ||| Stepping ~*~*~tactically~*~*~ (stealth).
  1658 | D:2      | 1658 ||| DROPPING +0 club.
  1839 | D:2      | Reached XP level 4. HP: 28/28 MP: 4/4
  2011 | D:2      | 2011 ||| UPGRADING to amulet of regeneration.
  2016 | D:2      | 2016 ||| READING 2 scrolls labelled TAUKLO QIMYT.
  2017 | D:2      | 2017 ||| READING scroll labelled BIAZXORRYL.
  2018 | D:2      | 2018 ||| READING scroll labelled MEM WAOHOL.
  2019 | D:2      | 2019 ||| READING scroll labelled TEINEM ZEBI.
  2023 | D:2      | 2023 ||| DRINKING 2 viscous green potions.
  2206 | D:3      | 2206 ||| Stepping ~*~*~tactically~*~*~ (stealth).
  2208 | D:3      | 2208 ||| Stepping ~*~*~tactically~*~*~ (hiding).
  2218 | D:3      | 2218 ||| DRINKING potion of curing.
  2218 | D:3      | 2218 ||| (to cure confusion)
  2236 | D:3      | Reached skill level 4 in Axes
  2242 | D:3      | 2242 ||| DROPPING +0 whip.
  2309 | D:3      | Found a faded altar of an unknown god.
  2544 | D:3      | 2544 ||| UPGRADING to +2 pair of gloves.
  2549 | D:3      | 2549 ||| READING 2 scrolls labelled REUNER YWYR.
  2550 | D:3      | 2550 ||| READING scroll labelled VIZELANI SIGO.
  2551 | D:3      | 2551 ||| READING 3 scrolls of identify.
  2551 | D:3      | 2551 ||| IDENTIFYING fizzy pink potion
  2552 | D:3      | 2552 ||| READING 2 scrolls of identify.
  2552 | D:3      | 2552 ||| IDENTIFYING yellow potion
  2553 | D:3      | 2553 ||| DROPPING potion of brilliance.
  2631 | D:4      | Noticed a lemure
  2631 | D:4      | Noticed a lemure
  2631 | D:4      | Noticed a lemure
  2631 | D:4      | Noticed Pikel
  2632 | D:4      | 2632 ||| Stepping ~*~*~tactically~*~*~ (stealth).
  2633 | D:4      | 2633 ||| Stepping ~*~*~tactically~*~*~ (stealth).
  2636 | D:4      | 2636 ||| Stepping ~*~*~tactically~*~*~ (stealth).
  2637 | D:4      | Noticed a lemure
  2644 | D:4      | HP: 4/28 [Pikel/+2 whip of freezing (4)]
  2645 | D:4      | Killed Pikel
  2646 | D:4      | Reached skill level 6 in Axes
  2646 | D:4      | Reached XP level 5. HP: 5/32 MP: 5/5
  2646 | D:4      | Reached XP level 6. HP: 5/37 MP: 6/6
  2646 | D:4      | Reached XP level 7. HP: 6/41 MP: 7/7
  2714 | D:4      | Found a stormy altar of Qazlal.
  2940 | D:4      | Found a staircase to the Ecumenical Temple.
  2941 | D:4      | 2941 ||| PLANNING TEMPLE
  2941 | D:4      | 2941 ||| DROPPING ring of wizardry.
  2942 | D:4      | 2942 ||| READING scroll labelled OGEH REDDUNURPHUTALL.
  2942 | D:4      | Identified a scroll of acquirement
  2942 | D:4      | 2942 ||| ACQUIRING 706 gold pieces
  2942 | D:4      | Acquired 706 gold pieces
  2944 | D:4      | 2944 ||| READING scroll labelled DANUGGI ETEARO.
  2953 | Temple   | Entered the Ecumenical Temple
  2955 | Temple   | 2955 ||| PLANNING OKAWARU WORSHIP
  3078 | Temple   | Became a worshipper of Warmaster Okawaru
  3079 | Temple   | 3079 ||| PLANNING D:1-11
  3297 | D:4      | Found a bloodstained altar of Trog.
  3303 | D:4      | 3303 ||| UPGRADING to +0 pair of boots.
  3308 | D:4      | 3308 ||| READING 2 scrolls of enchant armour.
  3308 | D:4      | 3308 ||| ENCHANTING +0 pair of boots.
  3309 | D:4      | 3309 ||| READING scroll of enchant armour.
  3309 | D:4      | 3309 ||| ENCHANTING +1 pair of boots.
  3334 | D:5      | Entered Level 5 of the Dungeon
  3799 | D:5      | 3799 ||| Stepping ~*~*~tactically~*~*~ (stealth).
  3801 | D:5      | 3801 ||| Stepping ~*~*~tactically~*~*~ (hiding).
  4131 | D:5      | 4131 ||| UPGRADING to +0 helmet.
  4136 | D:5      | 4136 ||| UPGRADING to ring of positive energy.
  4137 | D:5      | 4137 ||| READING scroll labelled QUFAUZEVYSM.
  4162 | D:6      | Reached skill level 1 in Dodging
  4162 | D:6      | Found a sacrificial altar of Ru.
  4352 | D:6      | 4352 ||| Stepping ~*~*~tactically~*~*~ (stealth).
  4357 | D:6      | 4357 ||| Stepping ~*~*~tactically~*~*~ (stealth).
  4358 | D:6      | 4358 ||| Stepping ~*~*~tactically~*~*~ (stealth).
  4360 | D:6      | 4360 ||| Stepping ~*~*~tactically~*~*~ (stealth).
  4370 | D:6      | 4370 ||| DROPPING +0 flail.
  4377 | D:6      | 4377 ||| Stepping ~*~*~tactically~*~*~ (stealth).
  4384 | D:6      | Reached skill level 7 in Axes
  4451 | D:6      | Found a broken altar of Ashenzari.
  4465 | D:6      | Reached XP level 8. HP: 27/49 MP: 8/8
  4465 | D:6      | 4465 ||| FLEEEEING.
  4466 | D:6      | 4466 ||| FLEEEEING.
  4467 | D:6      | 4467 ||| FLEEEEING.
  4468 | D:6      | 4468 ||| FLEEEEING.
  4500 | D:6      | Noticed Menkaure
  4501 | D:6      | 4501 ||| Stepping ~*~*~tactically~*~*~ (hiding).
  4509 | D:6      | Killed Menkaure
  4509 | D:6      | Reached * piety under Okawaru
  4629 | D:6      | HP: 12/49 [something (7)]
  4877 | D:6      | 4877 ||| Stepping ~*~*~tactically~*~*~ (hiding).
  4879 | D:6      | 4879 ||| INVOKING Heroism.
  4885 | D:6      | Reached skill level 1 in Invocations
  4898 | D:6      | 4898 ||| INVOKING Heroism.
  4927 | D:6      | 4927 ||| INVOKING Heroism.
  4944 | D:6      | 4944 ||| INVOKING Heroism.
  4961 | D:6      | 4961 ||| FLEEEEING.
  4962 | D:6      | 4962 ||| FLEEEEING.
  4963 | D:6      | 4963 ||| FLEEEEING.
  4964 | D:6      | 4964 ||| FLEEEEING.
  4965 | D:6      | 4965 ||| INVOKING Heroism.
  4979 | D:6      | 4979 ||| INVOKING Heroism.
  5000 | D:6      | 5000 ||| INVOKING Heroism.
  5021 | D:6      | 5021 ||| FLEEEEING.
  5022 | D:6      | 5022 ||| FLEEEEING.
  5023 | D:6      | 5023 ||| FLEEEEING.
  5024 | D:6      | 5024 ||| FLEEEEING.
  5025 | D:6      | 5025 ||| STAIRDANCE
  5032 | D:5      | 5032 ||| UPGRADING to +0 tower shield.
  5042 | D:5      | 5042 ||| DROPPING +0 buckler.
  5043 | D:5      | 5043 ||| READING scroll labelled XOTAOTZ XAETOL.
  5044 | D:5      | 5044 ||| READING 2 scrolls of identify.
  5044 | D:5      | 5044 ||| IDENTIFYING lumpy golden potion
  5045 | D:5      | 5045 ||| DROPPING potion of degeneration.
  5091 | D:6      | 5091 ||| INVOKING Heroism.
  5094 | D:6      | Reached skill level 3 in Invocations
  5148 | D:6      | Noticed Maggie
  5163 | D:6      | 5163 ||| INVOKING Heroism.
  5171 | D:6      | HP: 1/49 [something (13)]
  5172 | D:6      | 5172 ||| READING scroll of teleportation.
  5172 | D:6      | Mangled by Maggie

Levels and vault maps discovered:
D:1:      matt_arrival_refuge, layout_basic
D:2:      layout_basic
D:3:      layout_rooms, ebering_ecumenical_altar_petrified, chequers_arboretum
D:4:      layout_basic, lightli_temple_of_fire, grunt_qazlal_sundering,
          temple_statues, uniq_pikel
D:5:      layout_loops_ring, patterned_corridor
D:6:      layout_loops_ring, mainiacjoe_overflow_catwalk_spiral, minivault_26,
          uniq_maggie, uniq_menkaure
Temple:   nicolae_temple_two_arcs

Skill      XL: |  1  2  3  4  5  6  7  8 |
---------------+-------------------------+-----
Axes           | 2 3 6 7 |  7.8
Throwing       | 1 |  1.0
Fighting       | 5 |  5.0
Dodging        | 1 |  1.5
Armour         | 4 |  4.2
Invocations    | 3 |  3.5
Shields        | 4 |  4.9

Action                   |  1- 3 |  4- 6 |  7- 9 || total
-------------------------+-------+-------+-------++-------
Melee: War axe           |    81 |    41 |   140 ||   262
Throw: Boomerang         |     4 |     2 |     9 ||    15
       Javelin           |    28 |     9 |    11 ||    48
Invok: Heroism           |       |       |     9 ||     9
  Use: Scroll            |     3 |     8 |     8 ||    19
       Potion            |       |     2 |       ||     2
Armor: Scale mail        |    18 |       |       ||    18
       Chain mail        |    39 |    31 |   146 ||   216
Dodge: Dodged            |    17 |    15 |    74 ||   106
Block: Buckler           |    12 |     5 |    58 ||    75
       Tower shield      |       |       |    33 ||    33

Table legend:
 A = Non-vault XP
 B = Vault XP
 C = Vault XP percentage of total XP
 D = Non-vault monster count
 E = Vault monster count
 F = Vault count percentage of total count
                 A         B        C        D         E       F
            +---------+---------+-------+---------+---------+-------
      Total |    1503 |     750 |  33.3 |      82 |       2 |   2.4
            +---------+---------+-------+---------+---------+-------
        D:1 |      36 |       0 |   0.0 |      22 |       0 |   0.0
        D:2 |      47 |       0 |   0.0 |      18 |       0 |   0.0
        D:3 |      68 |       0 |   0.0 |      12 |       0 |   0.0
        D:4 |      94 |     593 |  86.3 |       6 |       1 |  14.3
        D:5 |      78 |       0 |   0.0 |       6 |       0 |   0.0
        D:6 |    1180 |     157 |  11.7 |      18 |       1 |   5.3
            +---------+---------+-------+---------+---------+-------
